Map: Tropic Shores

Players

Legional - Winner!

  • Race: Protoss Protoss
  • Spawn Location: 6:00

JaySlays - Winner!

  • Race: Terran Terran
  • Spawn Location: 6:00

Wolf - Winner!

  • Race: Terran Terran
  • League: Diamond
  • Spawn Location: 5:00

Zippo - Winner!

  • Race: Terran Terran
  • Spawn Location: 5:00

Fyrewerk

  • Race: Terran Terran
  • Spawn Location: 12:00

ShadowSlayer

  • Race: Terran Terran
  • Spawn Location: 12:00

Reaperjbee

  • Race: Terran Terran
  • League: Silver
  • Spawn Location: 11:00

LifeOfDvS

  • Race: Zerg Zerg
  • League: Diamond
  • Spawn Location: 0:00

VOD

Have the link to the VOD?

Description

Time

  • Played on: April 21, 2018, 12:15 a.m.
  • Length: 8:28
Show
View Real Time Build Order
Export as new Build Order

Legional Protoss - Winner!

Build Orders: 1 Gate Expand, Forge Fast Expand (FFE) 

Get SALT Encoding   

  1  0:00  Probe  
  12  0:05  Probe  
  14  0:17  Probe  
  15  0:26  Pylon  
  15  0:44  Probe  
  15  0:47  Gateway  
  16  0:52  Forge  
  16  1:00  Probe  
  17  1:24  Nexus  
  17  1:29  Probe  
  18  1:42  Probe  
  18  1:43  Photon Cannon  
  19  2:06  Probe  
  20  2:11  Pylon  
  20  2:12  Cybernetics Core  
  20  2:17  Probe  
  20  2:18  Assimilator  
  21  2:23  Assimilator  
  21  2:25  Probe  
  22  2:33  Probe  
  22  2:34  Probe  
  23  2:42  Probe  
  24  2:45  Probe  
  26  2:51  Probe  
  26  2:57  Probe  
  28  3:03  Probe  
  29  3:20  Nexus  
  29  3:26  Pylon, Stargate  
  29  3:28  Probe  
  29  3:29  Probe  
  31  3:38  Probe x2  
  31  3:47  Probe, Assimilator  
  33  3:49  Probe  
  33  3:52  Assimilator  
  35  3:58  Probe  
  35  4:00  Probe  
  37  4:06  Probe  
  37  4:08  Probe  
  37  4:14  Probe  
  37  4:16  Probe  
  41  4:25  Probe  
  41  4:29  Probe  
  43  4:35  Stargate  
  43  4:36  Stargate  
  43  4:37  Probe  
  44  4:40  Probe  
  44  4:42  Probe, Stargate  
  46  4:48  Probe  
  46  4:49  Probe  
  46  4:50  Probe  
  48  4:56  Probe  
  48  4:59  Probe  
  49  5:00  Assimilator  
  49  5:01  Probe, Protoss Air Weapons Level 1  
  49  5:04  Assimilator  
  52  5:08  Probe  
  52  5:09  Pylon  
  52  5:11  Pylon  
  52  5:14  Probe  
  54  5:17  Probe  
  54  5:18  Void Ray x2  
  63  5:27  Void Ray  
  63  5:28  Probe x2  
  69  5:29  Probe  
  70  5:36  Void Ray  
  70  5:37  Probe x2  
  70  5:40  Probe  
  77  5:45  Probe x2  
  79  5:52  Probe  
  80  6:01  Pylon, Void Ray  
  80  6:02  Pylon  
  84  6:09  Pylon  
  84  6:12  Void Ray  
  84  6:13  Void Ray  
  84  6:15  Void Ray  
  96  6:43  Void Ray  
  100  6:51  Void Ray x2  
  108  7:09  Pylon  
  108  7:11  Pylon  
  108  7:12  Pylon  
  108  7:27  Void Ray x2  
  116  7:38  Void Ray x2  
Show
View Real Time Build Order
Export as new Build Order

JaySlays Terran - Winner!

Build Orders:  

Get SALT Encoding   

  12  0:01  SCV  
  13  0:13  SCV  
  14  0:23  Supply Depot  
  14  0:26  SCV  
  15  0:45  Barracks, SCV  
  16  0:51  Refinery  
  17  0:57  SCV  
  17  1:09  SCV  
  18  1:21  SCV, Refinery  
  19  1:34  Orbital Command  
  19  1:47  Command Center  
  19  2:01  Factory  
  19  2:21  Barracks Reactor, SCV  
  20  2:34  SCV  
  21  2:46  SCV  
  21  2:47  Factory Reactor  
  22  2:58  SCV  
  22  3:09  Marine  
  23  3:13  Supply Depot  
  23  3:15  Supply Depot  
  23  3:30  Factory  
  23  3:34  Marine  
  23  3:35  SCV  
  23  3:39  Cyclone  
  23  3:40  Cyclone  
  31  3:50  Supply Depot  
  31  4:00  Marine x2  
  33  4:07  Armory  
  33  4:09  SCV  
  34  4:15  Orbital Command  
  34  4:20  Factory Reactor  
  34  4:21  SCV  
  35  4:26  Cyclone x2  
  41  4:58  Cyclone  
  44  5:04  Cyclone  
  44  5:07  SCV x2  
  48  5:12  Refinery  
  49  5:14  Cyclone  
  49  5:19  SCV  
  53  5:27  Starport  
  53  5:31  SCV  
  53  5:32  SCV  
  55  5:40  Engineering Bay  
  55  5:44  SCV x2  
  55  5:49  Refinery  
  57  5:50  Cyclone  
  57  5:54  Hellion  
  62  5:58  Supply Depot  
  62  6:20  Hellion x3, SCV x2  
  62  6:22  Supply Depot  
  62  6:23  Starport Reactor  
  70  6:42  Supply Depot  
  70  6:44  SCV, Cyclone x2  
  77  6:48  Factory  
  77  7:03  Cyclone x2  
  81  7:16  Cyclone  
  81  7:17  SCV x2  
  84  7:40  Cyclone  
  84  7:42  Cyclone  
  84  7:43  Cyclone  
  72  7:56  Cyclone  
  67  8:01  Factory Reactor  
  67  8:02  Marine x2  
  66  8:07  SCV  
  66  8:08  SCV  
Show
View Real Time Build Order
Export as new Build Order

Wolf Terran - Winner!

Build Orders: Reaper Expand, MMM Bio 

Get SALT Encoding   

  12  0:01  SCV  
  13  0:13  SCV  
  14  0:19  Supply Depot  
  14  0:25  SCV  
  15  0:41  SCV  
  16  0:43  Barracks  
  16  0:48  Refinery  
  16  0:53  SCV  
  17  1:05  SCV  
  18  1:19  SCV  
  19  1:33  Orbital Command  
  19  1:34  Reaper  
  20  1:48  Command Center  
  20  1:58  Barracks  
  20  2:02  SCV  
  20  2:07  Barracks Reactor  
  21  2:12  Supply Depot  
  21  2:17  SCV  
  21  2:21  Refinery  
  22  2:32  SCV  
  23  2:48  SCV  
  23  2:49  Barracks Tech Lab  
  24  2:51  Factory  
  24  2:52  Marine  
  24  2:53  Marine  
  26  3:00  SCV  
  26  3:01  Orbital Command  
  27  3:10  Marine  
  27  3:12  Stimpack  
  28  3:14  Marine  
  29  3:32  SCV  
  29  3:33  Marine x3, SCV  
  34  3:43  Starport  
  34  3:45  SCV  
  34  3:46  Factory Reactor  
  35  3:58  Marine x2  
  35  3:59  Marine  
  35  4:02  SCV  
  39  4:03  SCV  
  40  4:16  Marine x3  
  43  4:17  Supply Depot  
  43  4:20  SCV  
  43  4:21  SCV  
  45  4:36  Marine  
  46  4:38  Marine x2  
  48  4:51  SCV  
  48  4:52  SCV  
  50  5:01  Medivac x2  
  50  5:02  Factory Tech Lab  
  54  5:09  Supply Depot x2  
  54  5:10  Marine x2  
  54  5:11  SCV x2  
  54  5:12  Combat Shields  
  58  5:16  Marine  
  59  5:23  Siege Tank  
  62  5:30  Marine  
  62  5:31  SCV x2, Refinery  
  65  5:36  Supply Depot  
  65  5:43  Marine x2, SCV x2  
  65  5:48  Marine  
  70  5:54  Medivac x2  
  70  5:55  Siege Tank, SCV  
  78  5:57  SCV  
  78  6:01  Marine x2  
  78  6:02  Engineering Bay  
  78  6:03  Supply Depot  
  78  6:04  Engineering Bay  
  81  6:07  SCV  
  81  6:09  SCV  
  83  6:15  Marine, Refinery  
  84  6:19  Marine x2  
  84  6:25  SCV x2  
  88  6:27  Siege Tank  
  88  6:31  Supply Depot  
  91  6:33  Marine  
  91  6:34  Supply Depot  
  91  6:36  Marine  
  91  6:37  Marine  
  94  6:49  SCV  
  94  6:51  SCV  
  92  6:59  Marine x3  
  92  7:00  Concussive Shells  
  95  7:01  SCV  
  95  7:02  Siege Tank  
  95  7:03  SCV  
  100  7:12  Barracks  
  100  7:13  Barracks, SCV  
  100  7:14  Barracks  
  101  7:15  SCV  
  101  7:16  Marine  
  102  7:25  SCV  
  102  7:34  Marine x2  
  98  7:46  Medivac x2  
  98  7:48  Siege Tank  
  105  7:57  Armory  
  105  8:00  Barracks Reactor, Command Center  
  105  8:05  Barracks Reactor  
  105  8:09  Barracks Tech Lab  
Show
View Real Time Build Order
Export as new Build Order

Zippo Terran - Winner!

Build Orders:  

Get SALT Encoding   

  12  0:02  SCV  
  13  0:14  SCV  
  13  0:19  Supply Depot  
  14  0:26  SCV  
  15  0:32  Refinery  
  15  0:44  Barracks  
  15  0:46  SCV  
  16  0:58  SCV  
  17  1:09  Refinery  
  17  1:12  SCV  
  19  1:25  SCV  
  19  1:33  Factory  
  19  1:40  Orbital Command  
  19  1:57  Barracks Tech Lab  
  19  2:08  SCV  
  19  2:09  Factory  
  19  2:13  Barracks  
  20  2:28  Barracks Reactor  
  20  2:31  SCV  
  20  2:32  Supply Depot  
  21  2:43  SCV  
  22  2:53  Supply Depot  
  22  2:54  Siege Tank  
  25  3:00  Factory Tech Lab  
  25  3:08  Barracks Reactor  
  25  3:09  Marine x2  
  27  3:16  Supply Depot  
  27  3:17  SCV  
  28  3:24  Siege Tank  
  31  3:27  Marine  
  31  3:32  Marine  
  33  3:51  Siege Tank  
  36  4:02  Marine x2, Siege Tank  
  40  4:03  Marine x2  
  40  4:05  SCV  
  40  4:09  Supply Depot  
  44  4:20  Marine x2  
  44  4:22  SCV  
  44  4:24  Starport  
  47  4:34  SCV  
  48  4:43  Marine x2  
  50  4:55  Marine x2  
  50  4:56  Siege Tank  
  55  5:01  Marine  
  55  5:11  Supply Depot  
  55  5:20  Marine x3, Viking  
  60  5:21  Engineering Bay  
  60  5:32  Marine  
  61  5:38  Marine  
  62  5:45  Siege Tank  
  62  5:46  Marine  
  66  5:50  Viking  
  66  5:54  Marine  
  66  5:55  Marine  
  70  6:06  Marine  
  71  6:29  Viking  
  68  6:55  Siege Tank  
  71  7:48  Marine x2  
  71  7:49  Supply Depot, Siege Tank, Viking  
  78  7:52  Supply Depot  
  78  7:53  Command Center  
Show
View Real Time Build Order
Export as new Build Order

Fyrewerk Terran 

Build Orders: MMM Bio 

Get SALT Encoding   

  12  0:33  SCV  
  13  0:35  Supply Depot  
  13  0:45  SCV  
  14  0:57  SCV  
  14  1:02  Command Center  
  15  1:09  SCV  
  16  1:21  SCV  
  17  1:33  SCV  
  18  1:41  Command Center  
  18  1:46  SCV  
  19  1:57  Barracks  
  19  2:00  SCV  
  20  2:07  Refinery  
  20  2:12  SCV  
  20  2:14  Refinery  
  21  2:16  SCV  
  22  2:25  SCV  
  23  2:31  SCV  
  24  2:37  SCV  
  24  2:43  SCV  
  26  2:49  Orbital Command  
  26  2:53  Orbital Command  
  26  3:03  Orbital Command  
  26  3:10  Refinery  
  26  3:17  SCV  
  26  3:19  SCV  
  28  3:28  SCV, Refinery  
  28  3:29  SCV  
  28  3:31  SCV  
  28  3:32  Barracks Tech Lab  
  31  3:40  SCV  
  32  3:41  SCV  
  32  3:44  Factory, SCV  
  34  3:51  Engineering Bay  
  34  3:52  SCV  
  34  3:53  SCV, Combat Shields  
  36  3:56  SCV  
  37  4:04  SCV  
  37  4:05  SCV  
  37  4:08  SCV  
  40  4:16  SCV  
  41  4:17  SCV  
  41  4:20  SCV  
  41  4:22  Barracks  
  41  4:23  Terran Infantry Weapons Level 1  
  43  4:24  Barracks  
  43  4:28  SCV  
  43  4:29  Factory Reactor, SCV  
  43  4:30  Supply Depot  
  45  4:32  SCV  
  46  4:39  Starport  
  46  4:40  SCV  
  46  4:41  Marine  
  46  4:42  SCV  
  46  4:44  SCV  
  50  4:52  Supply Depot  
  50  4:53  SCV  
  50  4:54  SCV  
  50  4:56  SCV  
  53  5:05  SCV  
  53  5:06  SCV  
  55  5:07  Starport  
  55  5:12  Stimpack, SCV  
  56  5:14  Barracks Reactor x2  
  56  5:17  SCV  
  57  5:21  Factory Tech Lab  
  57  5:32  Marine  
  57  5:34  Starport Reactor  
  58  5:37  Supply Depot  
  58  5:45  Sensor Tower  
  58  5:47  Siege Tank  
  58  5:48  SCV x2  
  58  5:49  Marine, SCV  
  63  5:56  Starport Reactor  
  64  6:00  Starport, SCV x2  
  66  6:07  Marine  
  66  6:08  Missile Turret  
  67  6:12  SCV x2  
  67  6:18  Terran Infantry Armor Level 1  
  65  6:19  Viking x2  
  65  6:23  Missile Turret  
  65  6:25  Marine  
  70  6:27  Marine x4  
  70  6:31  SCV x2  
  73  6:38  SCV  
  74  6:40  Siege Tank  
  77  6:57  Supply Depot  
  77  6:59  Supply Depot x2  
  77  7:00  Supply Depot  
  77  7:03  Supply Depot  
  77  7:18  Marine  
  77  7:19  Supply Depot, Medivac x2, SCV, Viking  
  77  7:20  Marine x3, Medivac x2  
  77  7:21  Marine, SCV x2  
  92  7:29  Siege Tank  
  95  7:36  Marine  
  92  7:38  Marine x3  
  92  7:39  Marine  
  91  7:54  Marine  
  91  7:56  Marine x4  
Show
View Real Time Build Order
Export as new Build Order

ShadowSlayer Terran 

Build Orders: Reaper Expand 

Get SALT Encoding   

  12  0:01  SCV  
  13  0:14  Supply Depot  
  13  0:18  SCV  
  14  0:30  SCV  
  15  0:41  Barracks  
  15  0:44  SCV  
  15  0:47  Refinery  
  16  0:56  SCV  
  17  1:12  SCV  
  18  1:25  SCV  
  19  1:35  Reaper  
  19  1:37  Orbital Command  
  20  1:45  Command Center  
  20  1:52  Supply Depot  
  20  2:04  SCV  
  21  2:08  Factory  
  21  2:17  Refinery  
  21  2:23  SCV  
  22  2:35  Barracks Reactor  
  22  2:46  SCV  
  23  2:55  Barracks  
  23  3:05  SCV  
  24  3:24  Orbital Command  
  24  3:26  Factory Tech Lab  
  24  3:27  Marine x2  
  24  3:33  Supply Depot, Starport  
  26  3:49  SCV  
  27  3:57  Supply Depot  
  27  4:12  SCV  
  28  4:24  SCV x2  
  29  4:27  Factory Reactor  
  29  4:29  Stimpack  
  30  4:32  Marine x3  
  30  4:36  SCV  
  34  4:40  SCV  
  34  4:45  Engineering Bay  
  35  4:47  Engineering Bay  
  35  4:52  Marine x2  
  36  5:01  SCV x2  
  38  5:12  Marine  
  39  5:15  Medivac x2  
  39  5:16  Marine x2, Factory Reactor  
  39  5:19  SCV x2  
  39  5:21  Terran Infantry Weapons Level 1, Terran Infantry Armor Level 1  
  47  5:26  Supply Depot, Armory  
  47  5:31  SCV  
  48  5:43  SCV  
  49  5:53  Marine x2  
  51  6:00  Marine  
  52  6:11  Marine x2  
  52  6:14  Supply Depot  
  54  6:18  Marine  
  55  6:31  Marine x2  
  55  6:41  Orbital Command  
  41  7:07  Marine x2  
  43  7:13  Marine  
  43  7:14  Medivac x2  
  48  7:25  Marine x2  
Show
View Real Time Build Order
Export as new Build Order

Reaperjbee Terran 

Build Orders:  

Get SALT Encoding   

  12  0:01  SCV  
  13  0:22  Supply Depot  
  13  0:23  SCV  
  13  0:27  Refinery  
  14  0:47  Barracks  
  14  0:50  SCV  
  15  1:02  SCV  
  16  1:14  SCV  
  17  1:28  SCV  
  18  1:39  Marine  
  19  1:52  Bunker  
  20  1:56  Orbital Command  
  20  1:57  Marine  
  20  2:05  Factory  
  20  2:23  SCV  
  21  2:35  SCV  
  22  2:39  Bunker  
  22  2:45  Marine  
  22  2:51  Factory Tech Lab  
  23  3:00  Supply Depot  
  23  3:16  Supply Depot  
  23  3:21  Marine, SCV  
  25  3:32  Siege Tank  
  25  3:34  SCV, Command Center  
  29  3:47  Barracks  
  29  3:55  Barracks Tech Lab  
  29  3:57  SCV  
  30  4:04  Refinery  
  30  4:09  SCV  
  31  4:12  Supply Depot  
  31  4:16  Marine  
  32  4:25  SCV  
  32  4:26  Siege Tank  
  36  4:34  Marine  
  36  4:35  Supply Depot  
  36  4:37  SCV  
  38  4:48  Stimpack  
  38  4:50  Barracks Reactor  
  38  4:51  Marine  
  39  4:58  Supply Depot  
  39  5:04  Starport  
  39  5:09  Marine  
  40  5:27  Marine  
  41  5:33  Engineering Bay  
  40  5:45  Marine  
  41  6:49  Marine  
  41  6:50  Marine x2  
  44  7:07  Marine x2  
  44  7:08  Marine  
  47  7:25  Marine x3  
  50  7:43  Marine  
Show
View Real Time Build Order
Export as new Build Order

LifeOfDvS Zerg 

Build Orders: Pool First 

Get SALT Encoding   

  12  0:01  Drone  
  13  0:13  Overlord  
  13  0:20  Drone  
  14  0:39  Drone, Spawning Pool  
  14  0:41  Drone  
  15  0:46  Drone  
  16  0:54  Drone  
  17  1:15  Hatchery  
  17  1:16  Extractor  
  17  1:17  Drone  
  16  1:27  Drone  
  16  1:32  Queen  
  19  1:41  Overlord  
  19  1:43  Drone  
  20  1:54  Zergling x2  
  20  1:59  Drone  
  22  2:08  Drone  
  22  2:09  Queen  
  25  2:18  Drone  
  26  2:29  Metabolic Boost  
  26  2:31  Drone x2  
  28  2:41  Drone x3  
  31  2:56  Drone  
  31  2:57  Drone  
  31  2:58  Overlord  
  33  3:03  Overlord  
  33  3:04  Lair  
  32  3:08  Extractor  
  32  3:11  Drone x3  
  34  3:24  Drone x3  
  34  3:26  Drone  
  34  3:27  Drone x2  
  40  3:41  Drone  
  40  3:42  Drone  
  40  3:46  Extractor  
  41  3:51  Drone  
  41  3:52  Drone x2  
  41  3:54  Hatchery  
  41  3:55  Extractor  
  42  3:56  Queen  
  44  4:04  Overseer  
  44  4:06  Drone x2  
  44  4:07  Drone  
  47  4:11  Drone  
  47  4:12  Drone x2  
  50  4:18  Spire  
  50  4:19  Drone  
  50  4:49  Roach Warren  
  50  4:57  Drone  
  51  5:05  Overlord x2  
  51  5:06  Overlord x5  
  51  5:14  Extractor, Overlord  
  51  5:17  Extractor  
  51  5:19  Evolution Chamber  
  51  5:20  Drone x2, Evolution Chamber, Hydralisk Den  
  48  5:30  Drone x3  
  48  5:31  Drone x2  
  48  5:32  Drone x3  
  56  5:41  Drone, Hatchery  
  56  5:42  Drone x6  
  62  5:45  Zerg Missile Weapons Level 1  
  62  5:56  Zerg Ground Armor Level 1  
  62  6:01  Roach x5  
  72  6:05  Overseer  
  72  6:15  Drone x6  
  72  6:16  Overlord  
  78  6:20  Grooved Spines  
  78  6:29  Roach x5  
  85  6:55  Roach x9  
  97  7:07  Hydralisk x5  
Tags
 
Add a new tag
Caveats
  • Supply blocks, unpowered buildings, or Contaminate may cause inaccurate times.
  • Supply counts are checked every 10 seconds.